Map: Torres Crepusculares

Players

eduba

  • Race: Terran Terran
  • League: Master

TheZergLord - Winner!

  • Race: Zerg Zerg
  • League: Master

VOD

Have the link to the VOD?

Description

Time

  • Played on: April 26, 2016, 8:20 a.m.
  • Length: 3:21
Show
View Real Time Build Order
Export as new Build Order

eduba Terran 

Build Orders: Reaper Expand 

Get SALT Encoding   

  12  0:01  SCV  
  13  0:13  SCV  
  14  0:17  Supply Depot  
  14  0:26  SCV  
  15  0:39  SCV  
  15  0:40  Barracks  
  16  0:44  Refinery  
  16  0:51  SCV  
  17  1:03  SCV  
  18  1:15  SCV  
  19  1:28  Reaper, Orbital Command  
  20  1:40  Command Center  
  20  1:48  Refinery  
  20  1:53  Supply Depot  
  20  1:56  SCV  
  20  2:00  Marine  
  22  2:10  Factory  
  22  2:13  SCV  
  23  2:20  Barracks Reactor  
  23  2:25  SCV  
  24  2:38  SCV  
  25  2:50  SCV  
  26  2:59  Starport  
  26  3:06  SCV  
  27  3:17  Factory Tech Lab  
Show
View Real Time Build Order
Export as new Build Order

TheZergLord Zerg - Winner!

Build Orders: Hatch First 

Get SALT Encoding   

  12  0:01  Drone  
  13  0:13  Overlord  
  13  0:18  Drone  
  14  0:32  Drone x2  
  14  0:35  Drone  
  17  0:55  Hatchery  
  16  0:58  Drone  
  17  1:08  Extractor  
  16  1:12  Spawning Pool  
  16  1:15  Drone  
  16  1:19  Drone  
  16  1:23  Drone  
  18  1:31  Drone  
  19  1:40  Extractor  
  19  1:41  Drone  
  19  1:50  Drone  
  20  1:59  Queen  
  22  2:02  Roach Warren  
  21  2:09  Queen  
  24  2:15  Drone  
  24  2:17  Drone  
  25  2:25  Overlord  
  25  2:28  Drone  
  25  2:43  Roach x2  
  29  2:48  Roach  
  31  2:58  Overlord  
  31  3:07  Ravager x2  
  31  3:09  Ravager  
Tags
 
Add a new tag
Caveats
  • Supply blocks, unpowered buildings, or Contaminate may cause inaccurate times.
  • Supply counts are checked every 10 seconds.